 Dungeon Crawl Stone Soup version 0.17-a0-1642-gd4b747b (webtiles) character file.

4151 BeReasonable the Blocker (level 10, 0/86 HPs)
             Began as a Hill Orc Fighter on Aug 8, 2015.
             Was a Believer of Qazlal.
             Slain by an unseen horror (2 damage)
             ... on level 8 of the Dungeon.
             The game lasted 00:44:45 (9263 turns).

BeReasonable the Blocker (Hill Orc Fighter)         Turns: 9263, Time: 00:44:45

Health: 0/86       AC: 13    Str: 21    XL:     10   Next: 27%
Magic:  8/12       EV: 11    Int:  6    God:    Qazlal [**....]
Gold:   444        SH: 14    Dex: 12    Spells: 0 memorised, 9 levels left

rFire  + . .     SeeInvis .     a - +0 war axe
rCold  . . .     Clarity  .     b - +1 scale mail
rNeg   . . .     SustAt   .     c - +0 shield
rPois  .         Gourm    .     (helmet restricted)
rElec  +         Spirit   .     o - +0 cloak
rCorr  .         Warding  .     g - +2 pair of gloves
rMut   .         Rnd*Tele +     j - +0 pair of boots
MR     .....                    (no amulet)
Stlth  ..........               p - ring of protection from fire
                                m - ring of teleportation

@: not resistant to hostile enchantments, extremely unstealthy
A: antennae 1, beak, deformed body, dopey 1, shaggy fur 1, electricity
resistance
a: Upheaval, Renounce Religion, Evoke Teleportation


You were on level 8 of the Dungeon.
You worshipped Qazlal.
Qazlal was pleased with you.
You were not hungry.

You visited 2 branches of the dungeon, and saw 9 of its levels.

You collected 503 gold pieces.
You spent 50 gold pieces at shops.
You donated 9 gold pieces to Zin.

Inventory:

Hand weapons
 a - a +0 war axe (weapon)
 v - a cursed -3 spear
Missiles
 n - a throwing net (quivered)
Armour
 b - a +1 scale mail (worn)
 c - a +0 shield (worn)
 g - a +2 pair of gloves (worn)
 j - a +0 pair of boots (worn)
 o - a +0 cloak (worn)
Jewellery
 m - a ring of teleportation (left hand)
 p - a ring of protection from fire (right hand)
 s - a cursed ring of teleportation
 w - an uncursed ring of poison resistance {unknown}
 B - an uncursed ring of wizardry {unknown}
Magical devices
 k - a wand of teleportation (0)
 y - a wand of disintegration (14)
Scrolls
 q - 2 scrolls of identify
Miscellaneous
 h - an ornate deck of wonders {drawn: 1}
 r - a plain deck of defence
Comestibles
 d - a bread ration
 f - a chunk of flesh
 i - 7 fruits
 t - a royal jelly
 u - 2 meat rations
 x - 2 beef jerkies


   Skills:
 + Level 7.3 Fighting
 + Level 8.7 Axes
 + Level 7.6 Armour
 + Level 5.3 Dodging
 + Level 0.5 Stealth
 + Level 8.8 Shields
 + Level 3.1 Invocations


You had 9 spell levels left.
You didn't know any spells.

Dungeon Overview and Level Annotations

Branches:
Dungeon (8/15)             Temple (1/1) D:6
   Lair: D:8-11

Altars:
Dithmenos
Gozag
Kikubaaqudgha
Nemelex Xobeh
Okawaru
Qazlal
Sif Muna
Vehumet
Xom
Yredelemnul
Zin
The Shining One

Shops:
D:4 %


Innate Abilities, Weirdness & Mutations

You have a pair of small antennae on your head.
You have a beak for a mouth.
Armour fits poorly on your strangely shaped body.
You are dopey. (Int -2)
You are covered in fur (AC +1).
You are resistant to electric shocks.


Message History

Drink which item? (? for menu, Esc to quit)
You feel extremely strange. A pair of antennae grows on your head!
You feel agile. Something hits you.
* * * LOW HITPOINT WARNING * * *
The river rat bites you but does no damage.
The hungry ghost hits you but does no damage.
Drink which item? (? for menu, Esc to quit)
You feel extremely strange.
Your mouth lengthens and hardens into a beak!
You feel clumsy.
You feel insulated. Something hits you but does no damage.
You block the river rat's attack.
The hungry ghost hits you but does no damage.
Read which item? (? for menu, Esc to quit)
Okay, then.
Use which ability? (? or * to list)
You fail to use your ability.
The orc wizard shouts!
Something hits you.
You die...

#.......#######.......####
.# #.?....(#..#..#.).....#
...###..(..#.....###... ..
#.(.(.###.....# .. .
#..#.......#..# . .
####(.}_)..#### .#
#..#(......#..# ...
#..((.###...W.#
...###.....#...{@##
#...†)).#..#..#..r....#
#....†..#######.......#
#..###†.#.%# #..###..# ..
#......# .... ... .
#..#..## ..#..# ..
####..o....#### . ......o
..###.


You could see a hungry ghost, an orc wizard and a river rat.

Vanquished Creatures
  Pikel (D:6)
  A gargoyle (D:8)
  Sigmund (D:6)
  A hippogriff (D:6)
  Menkaure (D:6)
  2 sky beasts
  A black bear (D:6)
  3 slaves (D:6)
  A phantom (D:6)
  A crocodile (D:8)
  A necrophage (D:7)
  4 ogres
  2 centaurs
  A big kobold (D:7)
  6 giant frogs
  Blork the orc (D:6)
  A water moccasin zombie (D:7)
  4 scorpions
  A wight (D:8)
  A jelly (D:5)
  2 hounds
  2 crimson imps
  4 gnoll shamans (D:5)
  2 giant frog skeletons
  2 orc wizards (D:3)
  An orc priest (D:2)
  Terence (D:3)
  3 iguanas
  4 worker ants
  A hound skeleton (D:8)
  9 adders
  36 gnolls (D:5)
  A river rat (D:8)
  An adder skeleton (D:6)
  2 worms
  2 giant geckos
  6 orcs
  3 ball pythons
  13 bats
  11 goblins
  5 hobgoblins
  31 jackals
  13 kobolds
  A quokka (D:7)
  4 giant cockroaches
  A giant cockroach zombie (D:5)
  2 giant gecko skeletons
  2 giant newts
  A quokka skeleton (D:4)
  16 rats
  A plant (D:5)
218 creatures vanquished.

Notes
Turn   | Place    | Note
--------------------------------------------------------------
     0 | D:1      | BeReasonable the Hill Orc Fighter began the quest for the Orb.
     0 | D:1      | Reached XP level 1. HP: 19/19 MP: 1/1
   150 | D:1      | Reached XP level 2. HP: 16/27 MP: 2/2
   494 | D:1      | Reached skill level 4 in Fighting
   870 | D:1      | Reached XP level 3. HP: 25/33 MP: 3/3
  1506 | D:2      | Found a glowing silver altar of Zin.
  1531 | D:2      | Noticed an angel
  1533 | D:2      | Found a shimmering altar of Xom.
  1574 | D:2      | Became a worshipper of Zin the Law-Giver
  1610 | D:2      | Was placed under penance by Zin
  1612 | D:2      | Fell from the grace of Zin
  1652 | D:2      | Reached skill level 1 in Dodging
  1652 | D:2      | Reached XP level 4. HP: 35/40 MP: 4/4
  2196 | D:2      | Gained mutation: You are dopey. (Int -2) [potion of mutation]
  2196 | D:2      | Gained mutation: Armour fits poorly on your strangely shaped body. [potion of mutation]
  2196 | D:2      | Gained mutation: You are covered in fur (AC +1). [potion of mutation]
  2445 | D:2      | Reached XP level 5. HP: 37/47 MP: 5/5
  2698 | D:3      | Noticed Terence
  2734 | D:3      | Killed Terence
  2947 | D:3      | Found a faded altar to an unknown god.
  2966 | D:3      | Became a worshipper of Qazlal Stormbringer
  2966 | D:3      | Acquired Qazlal's first power
  3032 | D:3      | Reached XP level 6. HP: 53/53 MP: 6/6
  3776 | D:4      | Found Oruinueh's Food Boutique.
  3784 | D:4      | Bought a meat ration for 50 gold pieces
  4030 | D:5      | Entered Level 5 of the Dungeon
  4219 | D:5      | Reached skill level 5 in Armour
  4522 | D:5      | Reached XP level 7. HP: 54/60 MP: 7/7
  4558 | D:5      | HP: 1/60 [gnoll/halberd (3)]
  4777 | D:5      | Acquired Qazlal's second power
  4814 | D:5      | Reached skill level 5 in Shields
  4974 | D:5      | Reached skill level 5 in Axes
  5430 | D:5      | Reached skill level 5 in Fighting
  5430 | D:5      | Reached XP level 8. HP: 53/68 MP: 8/8
  5590 | D:5      | Reached skill level 6 in Shields
  5964 | D:5      | Reached skill level 1 in Invocations
  6750 | D:6      | Found a staircase to the Ecumenical Temple.
  6761 | Temple   | Entered the Ecumenical Temple
  6858 | D:6      | Noticed Blork the orc
  6875 | D:6      | Killed Blork the orc
  6883 | D:6      | Noticed Sigmund
  6962 | D:6      | Reached skill level 7 in Axes
  7054 | D:6      | Reached XP level 9. HP: 60/75 MP: 10/10
  7055 | D:6      | Noticed Menkaure
  7079 | D:6      | Killed Menkaure
  7134 | D:6      | Killed Sigmund
  7807 | D:6      | Found a sparkling altar of Nemelex Xobeh.
  8155 | D:7      | Noticed Pikel
  8199 | D:6      | Killed Pikel
  8393 | D:7      | Found a deep blue altar of Sif Muna.
  8551 | D:7      | Reached skill level 8 in Axes
  9014 | D:8      | Reached skill level 5 in Dodging
  9014 | D:8      | Reached XP level 10. HP: 77/86 MP: 12/12
  9017 | D:8      | Found a radiant altar of Vehumet.
  9018 | D:8      | Noticed a gargoyle
  9072 | D:8      | Killed a gargoyle
  9260 | D:8      | HP: 4/86 [something (2)]
  9261 | D:8      | Gained mutation: You have a pair of small antennae on your head. [potion of mutation]
  9261 | D:8      | Gained mutation: You are agile. (Dex +2) [potion of mutation]
  9262 | D:8      | Gained mutation: You have a beak for a mouth. [potion of mutation]
  9262 | D:8      | Lost mutation: You are agile. (Dex +2) [potion of mutation]
  9262 | D:8      | Gained mutation: You are resistant to electric shocks. [potion of mutation]
  9263 | D:8      | Slain by an unseen horror

Vault maps used:
D:1:      saegor_arrival_simple_a
D:2:      grunt_temple_overflow_order_and_chaos_1
D:3:      ecumenical_altar_2, minmay_misc_feat_five, uniq_terence
D:4:      serial_shops, shop, saegor_snake_ambush
D:5:      lemuel_castle_with_subvaults, nicolae_overflow_hidden_temple,
          first_bread
D:6:      nemelex_deck, minmay_temple_entry_glassed_door, uniq_sigmund,
          uniq_blork_the_orc, uniq_menkaure
D:7:      overflow_temple_1_default, uniq_pikel
D:8:      hangedman_cross_cluster, minitemple, grunt_lair_entry_elf_guard_hut,
          nicolae_ossuary_entry_ruins, serial_shops, shop_fountains,
          uniq_erolcha, uniq_prince_ribbit1
Temple:   minmay_temple_bridge_a_8

Action                   |  1- 3 |  4- 6 |  7- 9 | 10-12 || total
-------------------------+-------+-------+-------+-------++-------
Melee: War axe           |   126 |   204 |   509 |    59 ||   898
Throw: Stone             |     4 |       |       |       ||     4
Invok: Renounce Religion |     1 |       |       |       ||     1
       Upheaval          |       |       |     9 |     3 ||    12
Evoke: Deck              |       |       |     1 |       ||     1
       Wand              |       |       |       |     1 ||     1
  Use: Scroll            |       |     5 |     3 |     3 ||    11
       Potion            |       |     4 |     9 |     3 ||    16
  Eat: Chunk             |     3 |     1 |     5 |       ||     9
       Bread ration      |       |     1 |     2 |       ||     3
       Meat ration       |       |     1 |       |       ||     1
       Fruit             |       |       |       |     2 ||     2
